AoeStats
← a.l.a.n.t

QS Arena

503469088Analyzed
2v2 RM · 1mo ago on Aug 31, 2026· 29m 52s· 4 players
Game mode
Random Map
Map size
Medium (4 player)
Population
200
Speed
Normal
Resources
Standard
Victory
Conquest
Starting age
Dark Age
Ending age
Imperial Age
RankedLock teamsTeams togetherTeam positionsShared explorationLock speedFull tech treeHidden civsTurbo modeCheats
Victory
Defeat
🇦🇹 Malians · Austria
1167
+17
🇦🇹 Franks · Austria
1134
+18
🇬🇧 Persians · United Kingdom
1290
-22
🇮🇶 Mongols · Iraq
1075
-13
ArbeitsamtHATgeldGEWIESEN
8:28 Feudal Age
9:31 Loom
12:29 Castle Age
15:55 Town Watch
19:10 Fletching
19:08 Double-Bit Axe
24:59 Pikeman
25:39 Squires
25:27 Arson
28:51 Imperial Age
26:55 Forging
27:07 Scale Mail Armor
27:17 Bodkin Arrow
27:56 Ballistics
28:37 Murder Holes
29:46 Iron Casting
31:03 Chemistry
putzfetzen
8:35 Feudal Age
6:51 Loom
12:21 Castle Age
10:45 Double-Bit Axe
16:48 Horse Collar
27:21 Imperial Age
25:57 Forging
26:55 Scale Mail Armor
27:41 Town Watch
29:40 Wheelbarrow
29:42 Iron Casting
a.l.a.n.t
8:04 Feudal Age
12:01 Castle Age
10:52 Double-Bit Axe
20:29 Loom
aryaszahir958
6:34 Feudal Age
8:08 Loom
11:22 Castle Age
9:45 Horse Collar
10:41 Double-Bit Axe
22:58 Gold Mining
29:26 Imperial Age
27:31 Stone Mining
28:17 Gold Shaft Mining
29:14 Fletching
29:25 Padded Archer Armor
29:27 Scale Mail Armor
Connection lost

Rejoining the realm…

Still unreachable

The connection could not be restored.

Session expired

The server has moved on; the page needs a fresh start.